 Dungeon Crawl Stone Soup version 0.28.0-53-g5a82cb258f (webtiles) character file.

Game seed: 4808246048874020839

36083 Peloso the Carver (level 13, 0/118 HPs)
             Began as a Minotaur Fighter on July 17, 2022.
             Was the Champion of Okawaru.
             Killed from afar by a raiju (12 damage)
             ... with a living lightning
             ... on level 3 of the Abyss.
             The game lasted 00:50:52 (19438 turns).

Peloso the Carver (Minotaur Fighter)               Turns: 19438, Time: 00:50:52

Health: 0/118      AC: 42    Str: 29    XL:     13   Next: 51%
Magic:  13/13      EV:  7    Int:  8    God:    Okawaru [******]
Gold:   1014       SH: 23    Dex: 13    Spells: 12/12 levels left

rFire   . . .      SeeInvis .   a - +2 double sword (drain)
rCold   . . .      Faith    .   n - +0 tower shield
rNeg    . . .      Spirit   .   S - +13 plate armour of Ohin {Int+3}
rPois   .          Reflect  +   x - +2 hat
rElec   .          Harm     .   N - +1 cloak
rCorr   .          Rampage  .   z - +0 pair of gloves
Will    .....                   F - +2 pair of boots {Fly}
Stlth   ..........              B - amulet of reflection
HPRegen 0.29/turn               i - +6 ring of strength
MPRegen 0.13/turn               e - +4 ring of protection

@: flying
A: horns 2, retaliatory headbutt, subdued magic 1
a: Renounce Religion, Heroism, Finesse, Duel


You were on level 3 of the Abyss.
You worshipped Okawaru.
Okawaru was exalted by your worship.
You visited 2 branches of the dungeon, and saw 15 of its levels.
You visited the Abyss 1 time.
You also visited: Sewer, Ossuary and Gauntlet.

You collected 1014 gold pieces.

Inventory:

Hand Weapons
 a - a +2 double sword of draining (weapon)
 b - a +0 long sword
 c - a +3 hand crossbow of flaming
Missiles
 o - 174 bolts
Armour
 g - a +0 pair of boots
 n - a +0 tower shield (worn)
 t - a +1 scale mail of fire resistance
 x - a +2 hat (worn)
 z - a +0 pair of gloves (worn)
 F - a +2 pair of boots of flying (worn)
 N - a +1 cloak (worn)
 S - the +13 plate armour of Ohin (worn) {Int+3}
   (Okawaru gifted it to you on level 2 of the Lair of Beasts)

   Int:       It affects your intelligence (+3).
Jewellery
 e - a +4 ring of protection (right hand)
 i - a +6 ring of strength (left hand)
 l - the amulet of the Red Skies {RegenMP rF+ rC+ Dex+3}
   (You found it in a Gauntlet)

   [amulet of magic regeneration]

   It increases your rate of magic regeneration.
   Dex:       It affects your dexterity (+3).
   rF:        It protects you from fire.
   rC:        It protects you from cold.
 p - a ring of positive energy
 B - an amulet of reflection (around neck)
 E - a ring of see invisible
 K - a +4 ring of protection
Wands
 w - a wand of iceblast (10)
 y - a wand of acid (18)
 G - a wand of flame (19)
Scrolls
 f - 6 scrolls of teleportation
 h - 2 scrolls of magic mapping
 k - 3 scrolls of fog
 q - a scroll of summoning
 r - a scroll of fear
 s - a scroll of holy word
 I - 2 scrolls of noise
 J - a scroll of identify
 L - a scroll of amnesia {unknown}
 M - a scroll of blinking
 Q - 3 scrolls of immolation
 R - 2 scrolls of enchant weapon
Potions
 d - 2 potions of might
 j - a potion of mutation
 m - 5 potions of flight
 u - 7 potions of curing
 v - 3 potions of heal wounds
 A - 2 potions of haste
 C - 2 potions of brilliance
 D - a potion of experience {unknown}
 H - 2 potions of invisibility
 O - a potion of berserk rage


   Skills:
 + Level 12.0 Fighting
 + Level 14.4 Long Blades
 + Level 8.6 Crossbows
 + Level 12.4 Armour
 + Level 3.6 Dodging
 + Level 1.2 Stealth
 + Level 14.3 Shields
 + Level 2.2 Invocations
 + Level 1.2 Evocations


You had 12 spell levels left.
You didn't know any spells.
Your spell library contained the following spells:

 Spells                   Type           Power      Damage    Failure   Level
 Apportation              Tloc           0%         N/A       100%        1
 Magic Dart               Conj           0%         1d3       100%        1
 Sandblast                Erth           0%         2d4       100%        1
 Sting                    Tmut/Pois      0%         1d3       100%        1
 Corpse Rot               Necr/Air       0%         N/A       100%        2
 Passwall                 Tmut/Erth      0%         N/A       100%        2
 Poisonous Vapours        Pois/Air       0%         N/A       100%        2
 Wereblood                Tmut           0%         N/A       100%        2
 Dazzling Flash           Conj/Hex       0%         N/A       100%        3
 Frozen Ramparts          Ice            0%         1d2       100%        3
 Lesser Beckoning         Tloc           0%         N/A       100%        3
 Mephitic Cloud           Conj/Pois/Air  0%         N/A       100%        3
 Portal Projectile        Hex/Tloc       0%         N/A       100%        3
 Stone Arrow              Conj/Erth      0%         3d7       100%        3
 Vampiric Draining        Necr           0%         2d6       100%        3
 Anguish                  Hex/Necr       0%         N/A       100%        4
 Ice Form                 Ice/Tmut       0%         N/A       100%        4
 Iskenderun's Mystic Bla  Conj/Tloc      0%         2d3       100%        4
 Agony                    Necr           0%         N/A       100%        5
 Borgnjor's Vile Clutch   Necr/Erth      0%         N/A       100%        5
 Lee's Rapid Deconstruct  Erth           0%         3d5*      100%        5
 Manifold Assault         Tloc           0%         N/A       100%        5
 Silence                  Hex/Air        0%         N/A       100%        5
 Eringya's Noxious Bog    Tmut/Pois      0%         N/A       100%        6
 Statue Form              Tmut/Erth      0%         N/A       100%        6
 Storm Form               Tmut/Air       0%         N/A       100%        7
 Disjunction              Tloc           0%         N/A       100%        8
 Maxwell's Capacitive Co  Air            0%         ∞         100%        8
 Call Imp                 Summ           Unusable   N/A       N/A         2
 Summon Ice Beast         Ice/Summ       Unusable   N/A       N/A         4
 Summon Lightning Spire   Summ/Air       Unusable   N/A       N/A         4

Dungeon Overview and Level Annotations

Branches:
Dungeon (12/15)            Temple (0/1) D:5            Lair (3/6) D:10
    Orc (0/2) D:10          Sewer (visited)         Ossuary (visited)
Gauntlet (visited)
  Swamp: Lair:2-4    Shoals: Lair:2-4     Snake: Lair:2-4    Spider: Lair:2-4

Altars:
Cheibriados
Elyvilon
Gozag
Nemelex Xobeh
Okawaru
Qazlal
Sif Muna
The Shining One
Beogh

Annotations:
D:6 3 runed translucent doors, kalagan's ghost, novice DECj
D:9 3 runed translucent doors, hitsuchi's ghost, novice TeSu
D:12 3 runed translucent doors, exclusion: obsidian statue


Innate Abilities, Weirdness & Mutations

You have a pair of horns on your head.
You reflexively headbutt those who attack you in melee.
Your spells are a little easier to cast, but a little less powerful.


Message History

The raiju completely resists.
The air elemental hits you.
* * * LOW HITPOINT WARNING * * *
Tentacles burst from the starspawn's body!
The air elemental fires a burst of electricity at you.
The stunning burst hits you but does no damage.
The stunning burst hits the raiju.
The raiju completely resists.
The stunning burst hits the raiju.
The raiju completely resists.
The stunning burst hits the raiju.
The raiju completely resists.
The raiju bites you.
* * * LOW HITPOINT WARNING * * *
The raiju shocks you!
* * * LOW HITPOINT WARNING * * *
You can move again. 2 starspawn tentacles come into view.
You slash the air elemental!
You destroy the air elemental!
That felt strangely unrewarding.
You are no longer corroded.
The thrashing horror barely misses you. You furiously retaliate!
You headbutt the thrashing horror.
You block the thrashing horror's attack.
A raiju comes into view.
You block the thrashing horror's attack. x2
Unknown command.
You closely miss the raiju. You headbutt the raiju!
The raiju is moderately wounded.
You block the thrashing horror's attack.
The thrashing horror tramples you but does no damage.
The raiju bursts into living lightning!
The living lightning misses you.
The living lightning hits the raiju.
The raiju completely resists.
The raiju blinks!
The raiju barely misses you.
You closely miss the raiju.
You headbutt the raiju, but do no damage.
The raiju is moderately wounded.
You block the thrashing horror's attack.
The thrashing horror tramples you but does no damage.
You block the raiju's attack.
The raiju bursts into living lightning!
The living lightning hits you!
You die...

. .#... . # ..
#.. . ....... .
w.##.. ..#. . .
. .X.... ..# ..
. .X.. #.## ##
##. #
#..###...###...#
.
#..##...#hh...#
#
........§##..##.
.# . .......@X##
#. . .# # .
#..##.h##.# ..#
. # # #.. .# ##
#. .. .... .# .
. ..... #. # .
#.h##.h . # ## #
#.. #.. .# ..
...


You could see a tentacled starspawn, a thrashing horror (strong) and 5 raiju.

Vanquished Creatures
  Gastronok (D:8)
  A draconian annihilator (Abyss:3)
  A minotaur (Gauntlet)
  7 hydras
  2 boulder beetles
  A hell beast (Gauntlet)
  3 two-headed ogres
  3 death yaks
  3 hell hogs (Abyss:3)
  2 thrashing horrors (Abyss:3)
  A glowing orange brain (Abyss:3)
  Pikel (D:8)
  A deep elf pyromancer (D:12)
  A deep elf zephyrmancer (D:12)
  A necromancer (Gauntlet)
  A cyclops (D:12)
  2 ugly things (D:12)
  A manticore (D:9)
  Joseph (D:8)
  5 black mambas
  A rust devil (Abyss:3)
  Maggie (Lair:1)
  2 gargoyles (D:12)
  3 cane toads
  2 large abominations (Abyss:3)
  A rime drake (Lair:1)
  4 komodo dragons (Lair:2)
  A kobold demonologist (D:12)
  4 polar bears
  A troll (D:10)
  Grinder (D:3)
  14 blink frogs
  5 flying skulls (Gauntlet)
  A vampire (D:12)
  2 wyverns
  An air elemental (Abyss:3)
  A wraith (D:11)
  6 yaks (Lair:2)
  2 basilisks (Lair:3)
  5 humans (D:12)
  8 vampire mosquitoes (D:12)
  A neqoxec (Abyss:3)
  4 steam dragons
  A hell hound (Gauntlet)
  5 water moccasins
  3 ice beasts
  5 orc warriors
  2 sky beasts
  2 ogres
  14 wolves
  9 centaurs
  2 phantoms (D:5)
  2 small abominations (Abyss:3)
  5 kobold brigands
  An elf zombie (Ossuary)
  3 bullfrogs
  A gnoll sergeant (D:11)
  A wyvern zombie (D:9)
  A scorpion (D:7)
  5 wights (D:6)
  4 killer bees (D:10)
  4 howler monkeys
  An electric eel (Lair:2)
  A bullfrog zombie (D:5)
  9 centaur zombies
  A quasit (Abyss:3)
  2 human zombies (Ossuary)
  3 hounds
  2 bullfrog skeletons (D:6)
  A jelly (D:7)
  5 orc priests
  2 gnoll shamans
  An iguana (D:5)
  14 orc wizards
  Natasha (thrice) (D:3)
  Terence (D:1)
  2 killer bee zombies
  A hound skeleton (D:5)
  3 mummies
  Robin (D:3)
  4 howler monkey zombies (D:7)
  17 gnolls
  3 river rats
  8 adders
  A white imp (D:8)
  An ufetubus (Abyss:3)
  3 worms
  4 dart slugs
  46 orcs
  12 ball pythons
  6 bats
  6 endoplasms
  5 giant cockroaches
  23 goblins
  11 hobgoblins
  4 jackals
  39 kobolds
  7 quokkas
  2 frilled lizards
  A goblin zombie (Ossuary)
  13 hobgoblin zombies (Ossuary)
  8 kobold zombies (Ossuary)
  7 orc zombies (Ossuary)
  17 rats
  2 rat zombies (Ossuary)
483 creatures vanquished.

Vanquished Creatures (others)
  14 fungi
  14 plants
  2 starspawn tentacles (Abyss:3)
30 creatures vanquished.

Grand Total: 513 creatures vanquished

Notes
Turn   | Place    | Note
-------+----------+-------------------------------------------
     0 | D:1      | Peloso the Minotaur Fighter began the quest for the Orb.
     0 | D:1      | Reached XP level 1. HP: 19/19 MP: 0/0
   251 | D:1      | Reached XP level 2. HP: 27/27 MP: 1/1
   771 | D:2      | Noticed Terence
   788 | D:1      | Killed Terence
   789 | D:1      | Reached XP level 3. HP: 4/33 MP: 2/2
   793 | D:1      | HP: 1/33 [hobgoblin (1)]
  1350 | D:2      | Reached XP level 4. HP: 32/41 MP: 3/3
  1835 | D:3      | Found a glowing golden altar of the Shining One.
  1836 | D:3      | You fall into a shaft and drop 1 floor!
  1911 | D:4      | Found a white marble altar of Elyvilon.
  1965 | D:4      | Reached skill level 1 in Dodging
  2052 | D:4      | Reached XP level 5. HP: 44/47 MP: 4/4
  2148 | D:4      | Reached skill level 5 in Armour
  2225 | D:4      | Reached skill level 5 in Fighting
  2235 | D:4      | Noticed an ogre
  2249 | D:4      | Killed an ogre
  2250 | D:4      | Reached XP level 6. HP: 56/56 MP: 5/5
  2591 | D:4      | Noticed a wyvern
  2604 | D:4      | Killed a wyvern
  2605 | D:4      | Reached skill level 5 in Long Blades
  2605 | D:4      | Reached skill level 1 in Crossbows
  3033 | D:3      | Noticed Grinder
  3034 | D:3      | Paralysed by Grinder for 6 turns
  3051 | D:3      | Paralysed by Grinder for 2 turns
  3060 | D:3      | Killed Grinder
  3061 | D:3      | Reached XP level 7. HP: 26/63 MP: 6/6
  3379 | D:3      | Found an iron altar of Okawaru.
  3385 | D:3      | Became a worshipper of Warmaster Okawaru
  3543 | D:3      | Found a faded altar of an unknown god.
  3596 | D:3      | Noticed Natasha
  3608 | D:3      | Killed Natasha
  3966 | D:3      | Noticed Robin
  3973 | D:3      | Killed Robin
  4037 | D:3      | Noticed Natasha
  4041 | D:3      | Killed Natasha
  4115 | D:3      | Noticed Natasha
  4118 | D:3      | Killed Natasha
  4209 | D:5      | Entered Level 5 of the Dungeon
  4246 | D:5      | Found a shimmering blue altar of Sif Muna.
  4297 | D:5      | Reached XP level 8. HP: 69/70 MP: 7/7
  4307 | D:5      | Got the Grimoire of Displaced Stones
  4316 | D:5      | Reached * piety under Okawaru
  4317 | D:5      | Reached skill level 5 in Shields
  4396 | D:5      | Found a glowing drain.
  4418 | Sewer    | Entered a sewer
  4646 | Sewer    | Found a white marble altar of Elyvilon.
  5282 | D:5      | Found a staircase to the Ecumenical Temple.
  5658 | D:6      | Reached ** piety under Okawaru
  5666 | D:6      | Reached XP level 9. HP: 79/79 MP: 8/8
  5880 | D:6      | Reached skill level 5 in Crossbows
  6232 | D:6      | Got Sif Muna's Tome of Lethal Dislocation
  6388 | D:6      | Found a runed translucent gate.
  6388 | D:6      | Found a runed translucent gate.
  6389 | D:6      | Found a runed translucent gate.
  6543 | D:6      | Noticed kalagan's ghost (novice DECj)
  6673 | D:7      | Found a sand-covered staircase.
  6682 | Ossuary  | Entered an ossuary
  7173 | D:7      | Reached *** piety under Okawaru
  7650 | D:7      | Reached skill level 10 in Long Blades
  7913 | D:7      | Found a stormy altar of Qazlal.
  8011 | D:7      | Found a sparkling altar of Nemelex Xobeh.
  8341 | D:8      | Reached skill level 1 in Invocations
  8409 | D:8      | Noticed Gastronok
  8431 | D:8      | Killed Gastronok
  8431 | D:8      | Reached **** piety under Okawaru
  8432 | D:8      | Reached XP level 10. HP: 77/88 MP: 6/10
  8491 | D:8      | Noticed a two-headed ogre
  8497 | D:8      | Killed a two-headed ogre
  8699 | D:8      | Noticed Pikel
  8731 | D:8      | Killed Pikel
  8851 | D:8      | Noticed Joseph
  8872 | D:8      | Killed Joseph
  9434 | D:9      | Found a runed translucent gate.
  9434 | D:9      | Found a runed translucent gate.
  9434 | D:9      | Found a runed translucent gate.
  9476 | D:9      | Received a gift from Okawaru
  9523 | D:9      | Noticed hitsuchi's ghost (novice TeSu)
  9534 | D:9      | Noticed a manticore
  9545 | D:9      | Killed a manticore
  9591 | D:9      | Noticed a two-headed ogre
  9606 | D:9      | Killed a two-headed ogre
  9754 | D:9      | Reached XP level 11. HP: 82/97 MP: 11/11
 10245 | D:9      | Noticed a boulder beetle
 10269 | D:9      | Killed a boulder beetle
 10269 | D:9      | Received a gift from Okawaru
 10269 | D:9      | Reached ***** piety under Okawaru
 10723 | D:10     | Entered Level 10 of the Dungeon
 10790 | D:10     | Found a staircase to the Orcish Mines.
 11023 | D:10     | Found a snail-covered altar of Cheibriados.
 11081 | D:10     | Noticed a death yak
 11081 | D:10     | Noticed a death yak
 11096 | D:10     | Noticed a death yak
 11171 | D:9      | Killed a death yak
 11244 | D:9      | Killed a death yak
 11245 | D:9      | Reached skill level 10 in Armour
 11245 | D:9      | Reached skill level 1 in Stealth
 11368 | D:10     | Killed a death yak
 11368 | D:10     | Received a gift from Okawaru
 11492 | D:10     | Found a staircase to the Lair.
 12276 | D:11     | Noticed a two-headed ogre
 12282 | D:11     | Killed a two-headed ogre
 12509 | D:11     | Noticed a boulder beetle
 12537 | D:11     | Killed a boulder beetle
 12537 | D:11     | Identified the +10 broad axe "Iteppideri" {vorpal, Fragile
                  | Str+5 Dex+6} (Okawaru gifted it to you on level 11 of the
                  | Dungeon)
 12537 | D:11     | Received a gift from Okawaru
 12612 | D:11     | Noticed a seven-headed hydra
 12623 | D:11     | Killed a seven-headed hydra
 12624 | D:11     | Reached skill level 10 in Fighting
 13700 | Lair:1   | Entered Level 1 of the Lair of Beasts
 13709 | Lair:1   | Noticed Maggie
 13730 | Lair:1   | Killed Maggie
 14004 | Lair:1   | Reached XP level 12. HP: 86/106 MP: 12/12
 14007 | Lair:1   | Reached skill level 10 in Shields
 14302 | Lair:1   | You fall into a shaft and drop 1 floor!
 14453 | Lair:2   | Identified the +13 plate armour of Ohin {Int+3} (Okawaru
                  | gifted it to you on level 2 of the Lair of Beasts)
 14453 | Lair:2   | Received a gift from Okawaru
 14711 | Lair:2   | Noticed a five-headed hydra
 14717 | Lair:2   | Killed a five-headed hydra
 14736 | Lair:2   | Noticed a seven-headed hydra
 14916 | Lair:1   | Noticed a four-headed hydra
 14920 | Lair:1   | Killed a four-headed hydra
 14995 | Lair:1   | Noticed a five-headed hydra
 15003 | Lair:1   | Killed a five-headed hydra
 15143 | Lair:1   | Found a snail-covered altar of Cheibriados.
 15578 | Lair:2   | Noticed a seven-headed hydra
 15651 | Lair:1   | Killed a seven-headed hydra
 15898 | Lair:2   | Killed a seven-headed hydra
 16227 | Lair:2   | Noticed a six-headed hydra
 16233 | Lair:2   | Killed a six-headed hydra
 16503 | Lair:3   | Reached skill level 1 in Evocations
 16528 | Lair:3   | Received a gift from Okawaru
 16913 | Lair:3   | Reached XP level 13. HP: 34/116 MP: 13/13
 17170 | Lair:3   | Received a gift from Okawaru
 17881 | D:12     | Reached ****** piety under Okawaru
 17905 | D:12     | Found a gate leading to a gauntlet.
 17914 | Gauntlet | Entered a Gauntlet
 17914 | Gauntlet | Found a transporter.
 17914 | Gauntlet | Found a transporter.
 17914 | Gauntlet | Found a transporter.
 17914 | Gauntlet | Found a transporter.
 17920 | Gauntlet | Found a transporter.
 17934 | Gauntlet | Found a transporter.
 17938 | Gauntlet | Found a transporter.
 17940 | Gauntlet | Noticed a dire elephant
 17954 | Gauntlet | Found a transporter.
 18067 | Gauntlet | Found a transporter.
 18081 | Gauntlet | Found a transporter.
 18085 | Gauntlet | Found a transporter.
 18098 | Gauntlet | Found a transporter.
 18291 | Gauntlet | Received a gift from Okawaru
 18303 | Gauntlet | Identified the amulet of the Red Skies {RegenMP rF+ rC+
                  | Dex+3}
 18384 | Gauntlet | Identified the +7 lajatang "Jer Fas" {venom, Str+4 SInv}
 18384 | Gauntlet | Noticed a minotaur
 18397 | Gauntlet | Killed a minotaur
 18407 | Gauntlet | Got Raukhin's Disquisition on Shifting Earth
 18795 | D:12     | Received a gift from Okawaru
 18853 | D:12     | Gained mutation: Your spells are a little easier to cast,
                  | but a little less powerful. [a neqoxec]
 19230 | D:12     | Got the Handbook of Sand
 19234 | D:12     | Found a runed translucent gate.
 19235 | D:12     | Found a runed translucent gate.
 19236 | D:12     | Found a runed translucent gate.
 19237 | D:12     | Found an opulent altar of Gozag.
 19276 | D:12     | Cast into level 3 of the Abyss (a wizard)
 19313 | Abyss:3  | Noticed a yellow draconian annihilator
 19322 | Abyss:3  | Killed a yellow draconian annihilator
 19430 | Abyss:3  | Paralysed by an air elemental for 1 turns
 19433 | Abyss:3  | Noticed a tentacled starspawn
 19434 | Abyss:3  | Paralysed by an air elemental for 1 turns
 19438 | Abyss:3  | Killed from afar by a raiju

Illustrated notes

Levels and vault maps discovered:
D:1:      matt_arrival_refuge, layout_basic, corexii_hall_statues_l,
          minmay_tetromino_t2
D:2:      layout_rooms, uniq_terence
D:3:      layout_loops_ring, mainiacjoe_overflow_alcove_1, tso_metal_star,
          dreamdust_ecumenical_altar_grove, uniq_grinder, uniq_natasha,
          uniq_robin
D:4:      corexii_shantytown, layout_cave_pools, mainiacjoe_overflow_brackets
D:5:      layout_loops_ring, general_overflow_altar,
          minmay_temple_entry_from_below_a, portal_sewer_entry_e,
          minmay_door_square, ebering_dispersal_statue_hall,
          kennysheep_generic_room_13
D:6:      layout_loops_ring, gammafunk_ghost_necromancy, serial_park_tiny_2
D:7:      layout_loops_cross, kennysheep_little_box,
          nicolae_qazlal_eye_of_the_storm, gup_ossuary_entry_pyramid
D:8:      layout_basic, hangedman_decor_slide_cut, uniq_joseph, uniq_pikel,
          uniq_gastronok
D:9:      minmay_goldmine, layout_loops_corners, gammafunk_ghost_icy
D:10:     layout_gridville, kennysheep_slug_shrine, dpeg_lair_monsters,
          minmay_orc_entry_temple_small
D:11:     layout_layer_cave
D:12:     slaughterhouse, layout_long_grid, ebering_ghost_gozag,
          gauntlet_entry_generic, bh_hangedman_babel_library
Lair:1:   wander_river, layout_hall_layers, minivault_24, lemuel_centaur_altar,
          uniq_maggie
Lair:2:   layout_cave_shapes, infiniplex_staircase_pool
Lair:3:   layout_hall_layers, grunt_megastairs_5
Abyss:3:  base:
D:6

Skill      XL: |  1  2  3  4  5  6  7  8  9 10 11 12 13 |
---------------+----------------------------------------+-----
Armour         | 4 5 7 8 9 11 12 | 12.4
Fighting       | 4 5 6 7 8 9 10 11 12 | 12.0
Shields        | 4 5 6 7 9 12 14 | 14.3
Long Blades    | 3 4 5 6 8 10 12 13 14 | 14.4
Dodging        | 1 2 3 |  3.6
Crossbows      | 1 3 4 6 7 8 |  8.6
Invocations    | 1 2 |  2.2
Stealth        | 1 |  1.2
Evocations     | 1 |  1.2

Action                   |  1- 3 |  4- 6 |  7- 9 | 10-12 | 13-15 || total
-------------------------+-------+-------+-------+-------+-------++-------
Melee: Long sword        |    71 |   128 |   227 |       |       ||   426
       Headbutt          |     9 |    23 |    81 |   140 |    70 ||   323
       Falchion          |       |       |   192 |   579 |   146 ||   917
       Double sword      |       |       |       |       |   159 ||   159
 Fire: Hand crossbow     |       |     8 |    79 |    87 |       ||   174
Invok: Heroism           |       |       |     4 |     6 |     6 ||    16
Evoke: Wand              |       |       |     2 |     8 |       ||    10
  Use: Potion            |     2 |       |       |       |     2 ||     4
       Scroll            |       |     2 |     9 |     7 |     3 ||    21
Armor: Scale mail        |    51 |    69 |    10 |       |       ||   130
       Chain mail        |       |       |   182 |       |       ||   182
       Plate armour      |       |       |    13 |   437 |   133 ||   583
Dodge: Dodged            |    41 |    57 |   145 |   168 |    63 ||   474
Block: Buckler           |    21 |    24 |    94 |       |       ||   139
       Tower shield      |       |       |       |   608 |   339 ||   947
       Reflection        |       |       |       |       |     5 ||     5
